 Dungeon Crawl Stone Soup version 0.30-a0-605-gb2882149bf (webtiles) character file.

Game seed: 14505069349667308244

1456 acebull12 the Grave Robber (level 8, -8/53 (58) HPs)
             Began as a Demonspawn Necromancer on Jan 7, 2023.
             Mangled by a wight
             ... wielding a +4 dire flail
              (14 damage)
             ... on level 5 of the Dungeon.
             The game lasted 00:14:51 (5474 turns).

acebull12 the Grave Robber (Demonspawn Necromancer) Turns: 5474, Time: 00:14:52

HP:   -8/53 (58)    AC:  8    Str:  8    XL:     8   Next: 47%
MP:   16/16         EV: 17    Int: 20    God:
Gold: 260           SH:  5    Dex: 13    Spells: 17/18 levels left

rFire   + . .      SeeInvis .    w - +2 dagger (venom)
rCold   + . .      Faith    .    (no shield)
rNeg    . . .      Spirit   .    c - +0 leather armour
rPois   .          Reflect  +    C - +1 helmet
rElec   .          Harm     .    r - scarf {rC+ rF+}
rCorr   .          Rampage  .    (no gloves)
Will    +....                    m - +0 pair of boots
Stlth   ++                       h - amulet of reflection
HPRegen 0.28/turn                t - +5 ring of evasion
MPRegen 0.15/turn                x - ring of willpower

@: drained
A: slimy green scales 1, spiny 1, weakness stinger 2
a: no special abilities


You were on level 5 of the Dungeon.
You visited 1 branch of the dungeon, and saw 5 of its levels.

You collected 260 gold pieces.

Inventory:

Hand Weapons
 e - a +0 trident
 w - a +2 dagger of venom (weapon)
Armour
 c - a +0 leather armour (worn)
 m - a +0 pair of boots (worn)
 r - a scarf of resistance (worn)
 C - a +1 helmet (worn)
 G - a +2 cloak
Jewellery
 h - an amulet of reflection (around neck)
 t - a +5 ring of evasion (left hand)
 x - a ring of willpower (right hand)
 D - a +6 ring of strength
 F - an amulet of regeneration
 H - a +4 ring of protection
Wands
 o - a wand of flame (4)
Scrolls
 a - a scroll of torment {unknown}
 g - 3 scrolls of identify {unknown}
 j - 2 scrolls of vulnerability {unknown}
 k - a scroll of magic mapping {unknown}
 l - 2 scrolls of fear {unknown}
 q - 7 scrolls of teleportation {unknown}
 s - a scroll of silence {unknown}
 u - a scroll of noise {unknown}
 y - a scroll of fog {unknown}
 A - a scroll of butterflies {unknown}
 B - a scroll of amnesia {unknown}
 E - a scroll of enchant weapon {unknown}
Potions
 b - a potion of magic
 d - 2 potions of lignification {unknown}
 f - 5 potions of curing {unknown}
 i - 2 potions of brilliance {unknown}
 n - a potion of degeneration {unknown}
 p - 2 potions of cancellation {unknown}
 v - a potion of berserk rage {unknown}
 z - a potion of invisibility {unknown}


   Skills:
 * Level 3.4 Fighting
 + Level 1.7 Short Blades
 + Level 1.1 Polearms
 * Level 3.2 Armour
 + Level 2.7 Dodging
 - Level 1.7 Stealth
 + Level 1.2 Shields
 * Level 5.6 Spellcasting
 * Level 7.6 Necromancy


You had 17 spell levels left.
You knew the following spells:

 Your Spells              Type           Power      Damage    Failure   Level
a - Necrotise             Necr           100%       1d9       1%          1

Your spell library contained the following spells:

 Spells                   Type           Power      Damage    Failure   Level
 Vampiric Draining        Necr           36%        2d8       1%          3
 Animate Dead             Necr           36%        N/A       7%          4
 Agony                    Necr           36%        N/A       19%         5


Dungeon Overview and Level Annotations

Branches:
Dungeon (5/15)
 Temple: D:4-7

Altars:
Hepliaklqana
Nemelex Xobeh
Yredelemnul

Shops:
D:4 [

Annotations:
D:4 1 runed translucent door, Crazy Yiuf


Innate Abilities, Weirdness & Mutations

You are partially covered in slimy green scales. (AC +2)
You are partially covered in sharp spines.
You have a tail ending in a sharp stinger.


Message History

The wight closely misses you.
You hit the wight but do no damage.
The wight is lightly damaged.
The wight closely misses you. x2
You hit the wight but do no damage.
The wight is lightly damaged.
The wight barely misses you.
The wight hits you with a +4 dire flail!
You hit the wight.
You tail-slap the wight, but do no damage.
The wight is moderately damaged.
The wight barely misses you. x2
You hit the wight but do no damage.
The wight is moderately damaged.
The wight is struck by your spines. The wight completely misses you.
The wight hits you from afar with a +4 halberd of freezing.
The wight freezes you.
You hit the wight.
The wight is heavily damaged.
The wight misses you. The wight barely misses you.
You barely miss the wight. You tail-slap the wight.
The wight is severely damaged.
The wight hits you from afar with a +4 halberd of freezing!
You feel drained. The wight freezes you. You block the wight's attack.
You hit the wight but do no damage.
The wight is severely damaged.
The wight hits you with a +4 dire flail!
* * * LOW HITPOINT WARNING * * *
You feel drained.
* * * LOW HITPOINT WARNING * * *
The wight hits you from afar with a +4 halberd of freezing!
* * * LOW HITPOINT WARNING * * *
The wight freezes you.
* * * LOW HITPOINT WARNING * * *
The wight attacks as you move away! The wight closely misses you.
There is an open door here.
The wight attacks as you move away! The wight closely misses you.
The wight attacks as you move away!
The wight hits you with a +4 dire flail!
You die...

.......#....##.##...###......#..z
.8.#...#.....#........#......#...
.....#.......#........#......#...
..#.....+........)......#z..
.......#........#......#...
#.....#.......####÷####... .
#....##.......##..÷..##...
..##....##........#..........
...'........@z.z..'.....##...
###....##.......##.....##...
#..)<##.......##.....##...
#....##.......#####+###...
#######........# #... ..........#
#... ...........# #...
...........+ #...


You could see 2 wights.

Vanquished Creatures
  Prince Ribbit (D:4)
  Grinder (D:4)
  An ogre (D:4)
  2 phantoms (D:4)
  A kobold brigand (D:3)
  A necrophage (D:5)
  2 scorpions
  2 wights (D:4)
  3 hounds
  A jelly (D:5)
  Jessica (D:2)
  3 iguanas
  An orc wizard (D:4)
  Robin (D:4)
  6 gnolls
  5 adders
  2 worms (D:3)
  15 orcs
  5 endoplasms
  2 giant cockroaches
  16 goblins
  8 hobgoblins
  6 jackals
  A quokka (D:3)
  9 ball pythons
  6 bats
  A frilled lizard (D:2)
  8 kobolds
  2 rats
113 creatures vanquished.

Vanquished Creatures (others)
  A goblin (D:4)
1 creature vanquished.

Grand Total: 114 creatures vanquished

Notes
Turn   | Place    | Note
-------+----------+-------------------------------------------
     0 | D:1      | acebull12 the Demonspawn Necromancer began the quest for
                  | the Orb.
     0 | D:1      | Reached XP level 1. HP: 13/13 MP: 3/3
   252 | D:1      | Gained mutation: You are partially covered in sharp spines.
                  | [demonic ancestry]
   252 | D:1      | Reached XP level 2. HP: 19/19 MP: 0/5
   665 | D:2      | Noticed Jessica
   668 | D:2      | Killed Jessica
   669 | D:2      | Reached skill level 5 in Necromancy
   669 | D:2      | Gained mutation: You have a small tail. [demonic ancestry]
   669 | D:2      | Reached XP level 3. HP: 14/25 MP: 4/6
  1103 | D:1      | Reached XP level 4. HP: 16/31 MP: 8/8
  1259 | D:2      | Reached skill level 1 in Armour
  1303 | D:2      | Reached skill level 1 in Fighting
  2144 | D:3      | Gained mutation: You have a tail ending in a sharp stinger.
                  | [demonic ancestry]
  2144 | D:3      | Reached XP level 5. HP: 37/37 MP: 4/9
  2214 | D:3      | Found a basalt altar of Yredelemnul.
  2881 | D:3      | Found a hazy altar of Hepliaklqana.
  2882 | D:3      | Found a faded altar of an unknown god.
  2896 | D:3      | Reached skill level 1 in Polearms
  3202 | D:4      | Noticed Robin
  3220 | D:4      | Killed Robin
  3221 | D:4      | Noticed a phantom
  3279 | D:4      | Found Feanur's Armour Emporium.
  3295 | D:4      | Noticed an ogre
  3307 | D:4      | Killed an ogre
  3308 | D:4      | Reached XP level 6. HP: 17/44 MP: 8/11
  3513 | D:4      | Found a sparkling altar of Nemelex Xobeh.
  3565 | D:4      | Found a runed translucent door.
  3566 | D:4      | Noticed Crazy Yiuf
  3900 | D:4      | Reached skill level 6 in Necromancy
  3971 | D:4      | Reached XP level 7. HP: 40/50 MP: 13/13
  4274 | D:5      | Entered Level 5 of the Dungeon
  4502 | D:5      | Noticed Prince Ribbit
  4503 | D:5      | Noticed Grinder
  4672 | D:5      | Paralysed by Grinder for 4 turns
  4841 | D:4      | Killed Prince Ribbit
  4842 | D:4      | Reached skill level 5 in Spellcasting
  4842 | D:4      | Reached skill level 7 in Necromancy
  4946 | D:4      | Killed Grinder
  4947 | D:4      | Reached skill level 1 in Short Blades
  4947 | D:4      | Gained mutation: You are partially covered in slimy green
                  | scales. (AC +2) [demonic ancestry]
  4947 | D:4      | Reached XP level 8. HP: 55/58 MP: 15/15
  5150 | D:5      | Reached skill level 1 in Shields
  5461 | D:5      | HP: 2/53 [wight/+4 halberd of freezing (1)]
  5474 | D:5      | Mangled by a wight

Illustrated notes

Levels and vault maps discovered:
D:1:      amcnicky_arrival_blooded_trapdoor, layout_basic
D:2:      layout_rooms, minmay_pentomino_w2, uniq_jessica
D:3:      layout_basic, beargit_hepliaklqana_dungeon_heroes,
          mainiacjoe_overflow_boulevard, mainiacjoe_overflow_tiny_flanked
D:4:      layout_loops_ring, nemelex_spade_bored_becter, serial_shops,
          nicolae_shop_advertising_works [nicolae_subvault_shop_adworks],
          minmay_misc_feat_chi, uniq_robin, uniq_crazy_yiuf_cottage
D:5:      layout_gridville, minmay_temple_entry_sparse_star, uniq_grinder,
          uniq_prince_ribbit1

Skill      XL: |  1  2  3  4  5  6  7  8 |
---------------+-------------------------+-----
Necromancy     | 5 6 7 |  7.6
Dodging        | 2 |  2.7
Armour         | 1 2 3 |  3.2
Fighting       | 1 2 3 |  3.4
Spellcasting   | 3 4 5 |  5.6
Polearms       | 1 |  1.1
Short Blades   | 1 |  1.7
Shields        | 1 |  1.2
Stealth        | |  1.7

Action                   |  1- 3 |  4- 6 |  7- 9 || total
-------------------------+-------+-------+-------++-------
Melee: Unarmed           |    12 |       |       ||    12
       Trident           |    36 |    26 |       ||    62
       Tailslap          |     1 |    13 |    23 ||    37
       Punch             |       |     1 |     1 ||     2
       Dagger            |       |    58 |   119 ||   177
 Cast: Necrotise         |    24 |    65 |    15 ||   104
 Stab: Sleeping          |     2 |     2 |     1 ||     5
Armor: Leather armour    |    10 |     6 |    27 ||    43
Dodge: Dodged            |    25 |    46 |   112 ||   183
Block: Other             |     8 |    20 |    34 ||    62
       Reflection        |     1 |     4 |       ||     5

Table legend: (Time is in decaauts)
 A = Elapsed time spent in this place.
 B = Non-inter-level travel time spent in this place.
 C = Inter-level travel time spent in this place.
 D = Time resting spent in this place.
 E = Time spent auto-exploring this place.
 F = Levels seen in this place.
 G = Mean time per level.
                   A        B        C        D        E       F      G
               +--------+--------+--------+--------+--------+-----+--------+
         Total |   5498 |   4954 |    544 |    887 |   3023 |   5 | 1099.6 |
       Dungeon |   5498 |   4954 |    544 |    887 |   3023 |   5 | 1099.6 |
               +--------+--------+--------+--------+--------+-----+--------+

Top non-repeatable levels by time:
     D:4: 1887 daAuts
     D:3: 1512 daAuts
     D:1: 962 daAuts
     D:2: 840 daAuts
     D:5: 296 daAuts
